 Dungeon Crawl Stone Soup version 0.29-a0-283-ga02f740833 (webtiles) character file.

Game seed: 10274423808233082439

2868 Aksej the Reanimator (level 9, -8/66 HPs)
             Began as a Demonspawn Necromancer on Mar 13, 2022.
             Was an Initiate of Yredelemnul.
             Killed from afar by a gargoyle (15 damage)
             ... with a stone arrow
             ... on level 9 of the Dungeon.
             The game lasted 00:28:37 (8052 turns).

Aksej the Reanimator (Demonspawn Necromancer)       Turns: 8052, Time: 00:28:37

Health: -8/66      AC:  6    Str:  8    XL:     9   Next: 47%
Magic:  18/18      EV: 13    Int: 22    God:    Yredelemnul [......]
Gold:   401        SH: 11    Dex: 13    Spells: 12/21 levels left

rFire   . . .      SeeInvis .   a - +2 short sword (drain)
rCold   . . .      Faith    .   (no shield)
rNeg    . . .      Spirit   .   j - +0 robe
rPois   .          Reflect  +   m - +1 hat
rElec   .          Harm     .   (no cloak)
rCorr   +          Rampage  .   g - +0 pair of gloves
Will    .....                   d - +1 pair of boots
Stlth   ++........              c - amulet of reflection
HPRegen 0.21/turn               b - ring of resist corrosion
MPRegen 0.16/turn               (no ring)

@: no status effects
A: horns 1, large bone plates 2, foul stench 2
a: Renounce Religion, Recall Undead Harvest


You were on level 9 of the Dungeon.
You worshipped Yredelemnul.
Yredelemnul was noncommittal.
You visited 2 branches of the dungeon, and saw 10 of its levels.

You collected 401 gold pieces.

Inventory:

Hand Weapons
 a - a +2 short sword of draining (weapon)
Missiles
 D - a throwing net
Armour
 d - a +1 pair of boots (worn)
 g - a +0 pair of gloves (worn)
 j - a +0 robe (worn)
 m - a +1 hat (worn)
Jewellery
 b - a ring of resist corrosion (left hand)
 c - an amulet of reflection (around neck)
 h - a ring of fire
 i - a ring of ice
Wands
 v - a wand of iceblast (5)
 z - a wand of flame (17)
Scrolls
 o - 2 scrolls of magic mapping
 y - a scroll of amnesia
 A - a scroll of vulnerability {unknown}
 B - 3 scrolls of teleportation {unknown}
 C - a scroll of acquirement {unknown}
 F - 2 scrolls of identify
Potions
 e - 5 potions of might
 k - 2 potions of resistance
 l - a potion of flight
 n - a potion of cancellation
 r - a potion of magic
 t - a potion of curing {unknown}
 u - a potion of ambrosia {unknown}
 w - a potion of lignification {unknown}
 x - a potion of mutation {unknown}
 E - 2 potions of heal wounds


   Skills:
 * Level 4.6 Fighting
 + Level 2.7 Short Blades
 + Level 3.5 Dodging
 + Level 2.9 Stealth
 + Level 2.7 Shields
 + Level 0.1 Unarmed Combat
 + Level 6.6 Spellcasting
 * Level 9.6 Necromancy


You had 12 spell levels left.
You knew the following spells:

 Your Spells              Type           Power      Damage    Failure   Level
a - Pain                  Necr           100%       1d9       1%          1
b - Vampiric Draining     Necr           49%        2d9       1%          3
c - Animate Dead          Necr           24%        N/A       1%          4
d - Animate Skeleton      Necr           98%        N/A       1%          1

Your spell library contained the following spells:

 Spells                   Type           Power      Damage    Failure   Level
 Agony                    Necr           49%        N/A       4%          5
 Sting                    Tmut/Pois      28%        1d4       9%          1
 Anguish                  Hex/Necr       14%        N/A       12%         4
 Ensorcelled Hibernation  Hex/Ice        14%        N/A       13%         2
 Poisonous Vapours        Pois/Air       14%        N/A       13%         2
 Frozen Ramparts          Ice            14%        1d3       26%         3
 Gell's Gravitas          Tloc           7%         N/A       26%         3
 Lesser Beckoning         Tloc           7%         N/A       26%         3
 Spider Form              Tmut/Pois      7%         N/A       26%         3
 Teleport Other           Tloc           7%         N/A       26%         3
 Ice Form                 Ice/Tmut       7%         N/A       65%         4
 Olgreb's Toxic Radiance  Pois           7%         N/A       65%         4
 Summon Ice Beast         Ice/Summ       7%         N/A       65%         4


Dungeon Overview and Level Annotations

Branches:
Dungeon (10/15)            Temple (1/1) D:4
   Lair: D:8-11         Orc: D:9-12

Altars:
Ashenzari
Cheibriados
Dithmenos
Fedhas
Gozag
Hepliaklqana
Kikubaaqudgha
Makhleb
Okawaru
Qazlal
Ru
Sif Muna
Trog
Uskayaw
Vehumet
Xom
Yredelemnul
Zin
The Shining One


Innate Abilities, Weirdness & Mutations

You have a pair of small horns on your head.
You are mostly covered in large bone plates. (SH +6)
You sometimes emit foul miasma when damaged in melee.


Message History

The shadow slips into darkness.
The shadow flickers and vanishes!
Deactivating autopickup; reactivate with Ctrl-A.
You miss something. You completely miss something.
Your headbutt misses something.
The gargoyle hurls a stone arrow at you.
The stone arrow misses you.
The shadow strikes at you from the darkness!
Reactivating autopickup.
You emit a cloud of foul miasma!
Found 17 gold pieces.
The shadow slips into darkness.
The shadow flickers and vanishes!
Deactivating autopickup; reactivate with Ctrl-A.
The gargoyle attacks as you move away!
The gargoyle hits you with a +0 morningstar!
The shadow strikes at you from the darkness!
* * * LOW HITPOINT WARNING * * *
Reactivating autopickup.
There is a stone staircase leading up, spattered with blood here.
The gargoyle hurls a stone arrow at you.
The stone arrow reflects off an invisible shield around you!
The stone arrow misses the gargoyle.
The shadow misses you.
You climb upwards.
You hear the roar of battle.
There is an entrance to a bailey on this level.
Hurry and find it before the portal closes forever!
There is a stone staircase leading down here.
As you read the scroll labelled AZEUNY ENITOREC, it crumbles to dust.
It is a scroll of amnesia.
Really abort (and waste the scroll)? [Y]es or [N]o only, please.
Really abort (and waste the scroll)?
Okay, then.
The gargoyle hits you with a +0 morningstar!
* * * LOW HITPOINT WARNING * * *
The shadow barely misses you.
The gargoyle hurls a stone arrow at you.
The stone arrow hits you!
You die...
Your body rises from the dead as a mindless zombie.

#
...#.#####.#####
#.....9>@.......
#.######W...####
#.....# #....##
....... #...####
#.... ..#.##


You could see a gargoyle (inner flame) and a shadow.

Vanquished Creatures
  Grinder (D:5)
  Sigmund (D:5)
  2 water moccasins
  5 sky beasts
  2 ice beasts
  A black bear (D:4)
  Blork the orc (D:5)
  2 necrophages (D:6)
  2 scorpions
  3 killer bees
  A howler monkey (D:7)
  4 hounds
  An orc priest (D:3)
  A jelly (D:4)
  A gnoll shaman (D:6)
  Terence (D:2)
  Jessica (D:2)
  3 iguanas
  An orc wizard (D:7)
  8 gnolls
  4 adders
  A white imp (D:6)
  3 ufetubi
  A worm (D:4)
  3 dart slugs (D:1)
  12 orcs
  3 bats
  4 endoplasms
  2 giant cockroaches
  8 hobgoblins
  2 jackals (D:2)
  2 quokkas
  8 ball pythons
  A frilled lizard (D:1)
  3 goblins
  6 kobolds
  4 rats
109 creatures vanquished.

Vanquished Creatures (collateral kills)
  A troll (D:6)
  A water moccasin (D:5)
  A bullfrog (D:7)
  A scorpion (D:5)
  A jelly (D:6)
  A hound (D:6)
  A gnoll (D:6)
  A bat (D:3)
8 creatures vanquished.

Vanquished Creatures (others)
  2 killer bee zombies (D:5)
  2 sky beast zombies (D:6)
  A necrophage zombie (D:6)
  2 hound zombies (D:6)
  A spectral jelly (D:6)
  An adder zombie (D:5)
  A human zombie (D:5)
  A spectral white imp (D:6)
  3 gnoll zombies (D:6)
  A spectral ufetubus (D:6)
15 creatures vanquished.

Grand Total: 132 creatures vanquished

Notes
Turn   | Place    | Note
-------+----------+-------------------------------------------
     0 | D:1      | Aksej the Demonspawn Necromancer began the quest for the
                  | Orb.
     0 | D:1      | Reached XP level 1. HP: 13/13 MP: 3/3
     2 | D:1      | Learned a level 1 spell: Animate Skeleton
   398 | D:1      | Gained mutation: You may rarely emit foul miasma when
                  | damaged in melee. [demonic ancestry]
   398 | D:1      | Reached XP level 2. HP: 11/19 MP: 1/5
   716 | D:1      | Reached skill level 5 in Necromancy
   834 | D:1      | Found a faded altar of an unknown god.
  1151 | D:2      | Noticed Jessica
  1160 | D:2      | Killed Jessica
  1161 | D:2      | Reached XP level 3. HP: 8/25 MP: 0/6
  1735 | D:2      | Identified the +3 scale mail "Zoshriysm" {rF+ rN+ Dex-5
                  | Stlth+}
  1865 | D:2      | Noticed Terence
  1878 | D:2      | Killed Terence
  1879 | D:2      | Gained mutation: You have a pair of small horns on your
                  | head. [demonic ancestry]
  1879 | D:2      | Reached XP level 4. HP: 19/31 MP: 1/8
  2932 | D:3      | Reached XP level 5. HP: 32/36 MP: 3/9
  3249 | D:3      | Reached skill level 6 in Necromancy
  3746 | D:4      | Reached skill level 1 in Fighting
  3883 | D:4      | Learned a level 3 spell: Vampiric Draining
  3888 | D:4      | Learned a level 4 spell: Animate Dead
  4035 | D:4      | Gained mutation: You are partially covered in large bone
                  | plates. (SH +4) [demonic ancestry]
  4035 | D:4      | Reached XP level 6. HP: 39/43 MP: 7/11
  4193 | D:4      | Found an opulent altar of Gozag.
  4193 | D:4      | Found a blossoming altar of Fedhas.
  4203 | D:4      | Found a staircase to the Ecumenical Temple.
  4214 | Temple   | Entered the Ecumenical Temple
  4408 | Temple   | Became a worshipper of Yredelemnul the Dark
  4710 | D:4      | Reached * piety under Yredelemnul
  4806 | D:4      | Noticed a water moccasin
  4814 | D:4      | Killed a water moccasin
  4814 | D:4      | Reached ** piety under Yredelemnul
  4815 | D:4      | Reached skill level 7 in Necromancy
  4815 | D:4      | Reached XP level 7. HP: 49/49 MP: 8/13
  4926 | D:5      | Entered Level 5 of the Dungeon
  5051 | D:5      | Noticed Grinder
  5586 | D:5      | Noticed Sigmund
  5596 | D:5      | Killed Sigmund
  5597 | D:5      | Reached skill level 1 in Shields
  5597 | D:5      | Reached skill level 5 in Spellcasting
  5603 | D:5      | Your ally Sigmund died
  5608 | D:5      | Reached skill level 8 in Necromancy
  5614 | D:5      | Gained mutation: You sometimes emit foul miasma when
                  | damaged in melee. [demonic ancestry]
  5614 | D:5      | Reached XP level 8. HP: 38/57 MP: 2/16
  5785 | D:5      | Noticed Blork the orc
  5793 | D:5      | Killed Blork the orc
  6036 | D:5      | Paralysed by Grinder for 7 turns
  6046 | D:5      | Killed Grinder
  6047 | D:5      | Reached skill level 1 in Short Blades
  6441 | D:6      | Reached skill level 9 in Necromancy
  6775 | D:6      | Noticed a troll
  6784 | D:6      | Killed a troll
  6785 | D:6      | Gained mutation: You are mostly covered in large bone
                  | plates. (SH +6) [demonic ancestry]
  6785 | D:6      | Reached XP level 9. HP: 63/65 MP: 15/18
  7176 | D:6      | Found a hazy altar of Hepliaklqana.
  7998 | D:7      | You fall into a shaft and drop 3 floors!
  7998 | D:10     | Entered Level 10 of the Dungeon
  8006 | D:10     | Noticed a gargoyle
  8010 | D:10     | Noticed a troll
  8011 | D:10     | Noticed a two-headed ogre
  8052 | D:9      | Killed from afar by a gargoyle

Illustrated notes

Levels and vault maps discovered:
D:1:      nzn_arrival_water_spiral, layout_loops_ring,
          hellmonk_ecumenical_altar_lost_god
D:2:      layout_rooms, minmay_misc_feat_five, minmay_pentomino_z2,
          uniq_jessica, uniq_terence
D:3:      layout_basic
D:4:      layout_gridville, jmf_multi_god_temple, temple_statues
D:5:      layout_layer_cave, uniq_sigmund, uniq_grinder, uniq_blork_the_orc
D:6:      layout_rooms, kennysheep_mini_moat, dk_rats_in_the_wall
D:7:      layout_basic, nzn_wu_jian_council_hall
D:9:      layout_loops_corners, enter_bailey_6
D:10:     layout_basic, mainiacjoe_overflow_tiny_flanked,
          kennysheep_cluttered_room, uniq_erolcha
Temple:   regret_index_temple_sphere_string

Skill      XL: |  1  2  3  4  5  6  7  8  9 |
---------------+----------------------------+-----
Necromancy     | 5 6 7 8 9 |  9.6
Spellcasting   | 3 4 5 6 |  6.6
Stealth        | 2 |  2.9
Fighting       | 1 2 3 4 |  4.6
Dodging        | 2 3 |  3.5
Shields        | 1 2 |  2.7
Short Blades   | 2 |  2.7
Unarmed Combat | |  0.1

Action                   |  1- 3 |  4- 6 |  7- 9 || total
-------------------------+-------+-------+-------++-------
Melee: Unarmed           |    29 |       |       ||    29
       Dagger            |     7 |     9 |       ||    16
       Short sword       |       |    17 |   166 ||   183
       Headbutt          |       |     5 |    23 ||    28
 Cast: Pain              |    50 |    80 |    27 ||   157
       Animate Skeleton  |     4 |    14 |       ||    18
       Animate Dead      |       |     1 |     1 ||     2
       Vampiric Draining |       |     3 |    19 ||    22
  Use: Scroll            |     2 |     4 |     8 ||    14
       Potion            |     1 |       |     4 ||     5
 Stab: Sleeping          |       |     1 |     1 ||     2
       Distracted        |       |       |     1 ||     1
Armor: Robe              |     5 |     5 |    58 ||    68
Dodge: Dodged            |    27 |    15 |   110 ||   152
Block: Other             |    10 |    12 |   125 ||   147
       Reflection        |     1 |       |     2 ||     3

Table legend: (Time is in decaauts)
 A = Elapsed time spent in this place.
 B = Non-inter-level travel time spent in this place.
 C = Inter-level travel time spent in this place.
 D = Time resting spent in this place.
 E = Time spent auto-exploring this place.
 F = Levels seen in this place.
 G = Mean time per level.
                   A        B        C        D        E       F      G
               +--------+--------+--------+--------+--------+-----+--------+
         Total |   8053 |   7766 |    287 |      0 |   6707 |  10 |  805.3 |
       Dungeon |   7834 |   7622 |    212 |      0 |   6579 |   9 |  870.4 |
        Temple |    219 |    144 |     75 |      0 |    128 |   1 |  219.0 |
               +--------+--------+--------+--------+--------+-----+--------+

Top non-repeatable levels by time:
     D:3: 1578 daAuts
     D:5: 1318 daAuts
     D:1: 1151 daAuts
     D:4: 1125 daAuts
     D:2: 1003 daAuts
     D:6: 857 daAuts
     D:7: 746 daAuts
  Temple: 219 daAuts
    D:10: 51 daAuts
     D:9: 1 daAuts
